 Dungeon Crawl Stone Soup version 0.31-a0-1-g4198be8af4 (webtiles) character file.

Game seed: 10909820919068250084

3017 mistaj the Fighter (level 9, -1/53 HPs)
             Began as a Vine Stalker Fighter on May 1, 2023.
             Was a Priest of Okawaru.
             Shot with a sling bullet by Joseph (11 damage)
             ... on level 8 of the Dungeon.
             The game lasted 00:12:24 (6551 turns).

mistaj the Fighter (Vine Stalker Fighter)           Turns: 6551, Time: 00:12:24

Health: -1/53      AC: 12    Str: 21    XL:     9   Next: 85%
Magic:  0/10       EV: 10    Int: 10    God:    Okawaru [***...]
Gold:   318        SH:  9    Dex: 14    Spells: 8/8 levels left

rFire   + + .        h - +1 dagger (venom)
rCold   + + .        c - +0 buckler
rNeg    . . .        u - +2 leather armour "Ereijal" {rC+ Will+ SInv}
rPois   +            a - +2 helmet
rElec   .            i - +2 cloak {rPois}
rCorr   .            e - +0 pair of gloves
SInv    +            (no boots)
Will    ++...        y - amulet of reflection
Stlth   +            x - ring of the Doge {rF+ rC+}
HPRegen 1.08/turn    b - ring of protection from fire
MPRegen 0.12/turn

%: reflection, guardian spirit
@: no status effects
A: fangs 3, regeneration 1, magic shield, antimagic bite, no potion heal 2
a: Renounce Religion, Heroism


You were on level 8 of the Dungeon.
You worshipped Okawaru.
Okawaru was most pleased with you.
You visited 2 branches of the dungeon, and saw 9 of its levels.
You also visited: Sewer.

You collected 318 gold pieces.

Inventory:

Hand Weapons
 h - a +1 dagger of venom (weapon)
 F - a +1 falchion
Armour
 a - a +2 helmet (worn)
 c - a +0 buckler (worn)
 e - a +0 pair of gloves (worn)
 i - a +2 cloak of poison resistance (worn)
 u - the +2 leather armour "Ereijal" (worn) {rC+ Will+ SInv}
   (You found it in a sewer)

   rC:        It protects you from cold.
   SInv:      It lets you see invisible.
   Will:      It increases your willpower.
 z - a scarf of repulsion
Jewellery
 b - a ring of protection from fire (right hand)
 k - a ring of protection from cold
 x - the ring of the Doge (left hand) {rF+ rC+}
   (You found it on level 4 of the Dungeon)

   [ring of protection from cold]

   rF:        It protects you from fire.
   rC:        It protects you from cold.
 y - an amulet of reflection (around neck)
 J - a +4 ring of protection
Wands
 n - a wand of polymorph (13)
 E - a wand of roots (8)
Scrolls
 l - 2 scrolls of butterflies {unknown}
 r - 2 scrolls of enchant armour {unknown}
 s - a scroll of magic mapping {unknown}
 v - 2 scrolls of blinking {unknown}
 A - a scroll of fog {unknown}
 B - 2 scrolls of teleportation {unknown}
 G - 2 scrolls of identify
 H - a scroll of enchant weapon {unknown}
 I - a scroll of fear {unknown}
Potions
 d - 2 potions of might
 f - a potion of degeneration {unknown}
 g - a potion of mutation
 j - 2 potions of lignification {unknown}
 m - 2 potions of resistance
 o - 4 potions of curing
 p - 4 potions of invisibility
 q - a potion of cancellation {unknown}
 t - 2 potions of ambrosia {unknown}
 w - 3 potions of flight
 C - a potion of haste {unknown}
 D - a potion of attraction {unknown}


   Skills:
 + Level 9.1 Fighting
 + Level 8.4 Short Blades
 - Level 2.5 Axes
 - Level 2.4 Armour
 - Level 2.6 Shields


You had 8 spell levels left.
You didn't know any spells.
Your spell library contained the following spells:

 Spells                   Type           Power      Damage    Failure   Level
 Magic Dart               Conj           0%         1d3       50%         1
 Necrotise                Necr           0%         1d4       50%         1
 Mephitic Cloud           Conj/Pois/Air  0%         N/A       86%         3
 Portal Projectile        Hex/Tloc       0%         N/A       86%         3
 Vampiric Draining        Necr           0%         2d6       86%         3
 Anguish                  Hex/Necr       0%         N/A       99%         4
 Cause Fear               Hex            0%         N/A       99%         4
 Leda's Liquefaction      Hex/Erth       0%         N/A       99%         4
 Agony                    Necr           0%         N/A       100%        5
 Blade Hands              Tmut           0%         N/A       100%        5
 Iron Shot                Conj/Erth      0%         9d1       100%        6
 Enfeeble                 Hex            0%         N/A       100%        7
 Call Imp                 Summ           Unusable   N/A       N/A         2
 Call Canine Familiar     Summ           Unusable   N/A       N/A         3
 Animate Armour           Summ/Erth      Unusable   N/A       N/A         4

Dungeon Overview and Level Annotations

Branches:
Dungeon (8/15)             Temple (1/1) D:4           Sewer (visited)
   Lair: D:8-11

Altars:
Ashenzari
Cheibriados
Dithmenos
Fedhas
Gozag
Hepliaklqana
Kikubaaqudgha
Nemelex Xobeh
Okawaru
Qazlal
Ru
Sif Muna
Trog
Uskayaw
Vehumet
Wu Jian
Xom
Yredelemnul
The Shining One
Lugonu

Shops:
D:2 (   D:5 !

Annotations:
D:8 Joseph


Innate Abilities, Weirdness & Mutations

You have razor-sharp teeth.
Your natural rate of healing is unusually fast.
When hurt, damage is shared between your health and your magic reserves.
Your bite disrupts and absorbs the magic of your enemies.
Potions cannot restore your health.


Message History

You climb downwards.
Joseph shouts!
Found 13 gold pieces and 3 stones.
Found a stone staircase leading down.
There is a stone staircase leading up here.
The bullfrog gives a loud, deep croak!
You hear a roar!
You closely miss the bullfrog.
The bullfrog hits you but does no damage.
You hit the bullfrog.
The bullfrog is poisoned.
The bullfrog is lightly wounded.
The bullfrog hits you!
Joseph unwields a +2 spectral quarterstaff.
Joseph wields a +0 sling.
Joseph shoots a sling bullet.
The sling bullet closely misses you.
You hit the bullfrog. You bite the bullfrog. You drain its power.
You feel invigorated.
The bullfrog is heavily wounded.
The bullfrog barely misses you.
You closely miss the bullfrog. You bite the bullfrog! You drain its power.
The bullfrog is almost dead.
Joseph shoots a sling bullet.
The sling bullet hits you! The bullfrog barely misses you.
You kill the bullfrog!
Okawaru accepts your kill.
Joseph shoots a sling bullet.
The sling bullet hits you.
There is a stone staircase leading up here.
An acid dragon comes into view.
Joseph shoots a sling bullet.
The sling bullet hits you.
There is a stone staircase leading up here.
There are monsters nearby!
The acid dragon roars!
Joseph shoots a sling bullet.
You block the sling bullet with an invisible shield... and reflect it back!
The sling bullet barely misses Joseph.
Joseph shoots a sling bullet.
The sling bullet hits you. The acid dragon spits acid at you.
The splash of acid hits you!!
Ouch! That really hurt!
* * * LOW HITPOINT WARNING * * *
Joseph shoots a sling bullet.
The sling bullet hits you!
You die...

.....≈~........
............>...
................
........@.......
................
#..............
#..D...~≈~(....
#....$.........
#......@.......
..##############


You could see Joseph and an acid dragon (catching breath).

Vanquished Creatures
  A wyvern (D:6)
  The ghost of Sabo the Covered, an amateur VSFi of Okawaru (D:3)
  3 water moccasins
  2 black bears
  2 ice beasts
  3 ogres
  A centaur (D:4)
  A phantom (D:5)
  3 bullfrogs
  A gnoll sergeant (D:5)
  A kobold brigand (D:7)
  A scorpion (D:7)
  4 wights (D:6)
  A howler monkey (D:5)
  2 electric eels (D:6)
  6 hounds
  An orc priest (D:4)
  Crazy Yiuf (D:5)
  2 gnoll boudas
  2 jellies (D:4)
  7 iguanas
  4 orc wizards
  12 adders
  7 gnolls
  2 river rats (D:3)
  A shadow imp (D:6)
  2 ufetubi (D:7)
  3 dart slugs
  24 orcs
  8 endoplasms
  4 giant cockroaches
  13 goblins
  10 hobgoblins
  2 jackals (Sewer)
  4 quokkas
  8 ball pythons
  3 bats (D:2)
  2 frilled lizards
  9 kobolds
  6 rats
  A bush (D:5)
171 creatures vanquished.

Vanquished Creatures (others)
  A kobold (D:7)
  6 plants (D:4)
7 creatures vanquished.

Grand Total: 178 creatures vanquished

Notes
Turn   | Place    | Note
-------+----------+-------------------------------------------
     0 | D:1      | mistaj the Vine Stalker Fighter began the quest for the
                  | Orb.
     0 | D:1      | Reached XP level 1. HP: 11/11 MP: 2/2
   237 | D:1      | Reached skill level 3 in Fighting
   237 | D:1      | Reached XP level 2. HP: 16/16 MP: 3/3
   303 | D:1      | Found a faded altar of an unknown god.
   449 | D:1      | Reached XP level 3. HP: 11/20 MP: 4/4
   866 | D:2      | Reached skill level 1 in Short Blades
   877 | D:2      | Gained mutation: Your natural rate of healing is unusually
                  | fast. [Vine Stalker growth]
   877 | D:2      | Reached XP level 4. HP: 24/24 MP: 5/5
  1154 | D:2      | Found Budats's Weapon Boutique.
  1382 | D:3      | Reached skill level 4 in Fighting
  1453 | D:3      | Reached XP level 5. HP: 27/29 MP: 4/6
  1630 | D:3      | Found a glowing drain.
  1647 | Sewer    | Entered a sewer
  1718 | Sewer    | Noticed a water moccasin
  1736 | Sewer    | Killed a water moccasin
  1737 | Sewer    | Reached XP level 6. HP: 34/34 MP: 7/7
  1751 | Sewer    | Identified the +2 leather armour "Ereijal" {rC+ Will+ SInv}
  2356 | D:4      | Noticed a black bear
  2369 | D:4      | Killed a black bear
  2370 | D:4      | Reached skill level 5 in Fighting
  2406 | D:4      | Found a staircase to the Ecumenical Temple.
  2425 | Temple   | Entered the Ecumenical Temple
  2448 | Temple   | Became a worshipper of Warmaster Okawaru
  2702 | D:4      | Reached XP level 7. HP: 32/39 MP: 8/8
  2850 | D:4      | Found a large runed translucent door.
  2850 | D:4      | Found a large runed translucent door.
  2874 | D:4      | Found a runed translucent gate.
  2877 | D:4      | Found a runed translucent gate.
  2877 | D:4      | Found a runed translucent gate.
  2878 | D:4      | Noticed Sabo's ghost (amateur VSFi)
  3069 | D:4      | Found a large runed translucent door.
  3069 | D:4      | Found a large runed translucent door.
  3074 | D:4      | Identified the ring of the Doge {rF+ rC+}
  3082 | D:4      | Identified the staff of poison "Wuromp" {rPois rCorr Dex+2
                  | Stlth-}
  3215 | D:4      | Reached * piety under Okawaru
  3571 | D:3      | Killed Sabo's ghost
  3572 | D:3      | Reached skill level 6 in Fighting
  3572 | D:3      | Reached skill level 5 in Short Blades
  3594 | D:4      | Gained mutation: You have razor-sharp teeth. [Vine Stalker
                  | growth]
  3594 | D:4      | Reached XP level 8. HP: 44/44 MP: 9/9
  3771 | D:5      | Entered Level 5 of the Dungeon
  3869 | D:5      | Found Xoehuy's Distillery.
  4066 | D:5      | Reached ** piety under Okawaru
  4070 | D:5      | Reached skill level 7 in Fighting
  4312 | D:5      | Found a hazy altar of Hepliaklqana.
  4314 | D:5      | Found a shadowy altar of Dithmenos.
  4320 | D:5      | Found a radiant altar of Vehumet.
  4321 | D:5      | Found a shimmering blue altar of Sif Muna.
  4322 | D:5      | Found an ornate altar of the Wu Jian Council.
  4325 | D:5      | Found a shimmering altar of Xom.
  4330 | D:5      | Found a broken altar of Ashenzari.
  4360 | D:5      | Found a sparkling altar of Nemelex Xobeh.
  4361 | D:5      | Found an opulent altar of Gozag.
  4642 | D:5      | Reached XP level 9. HP: 51/51 MP: 10/10
  5072 | D:5      | Found a runed translucent door.
  5073 | D:5      | Noticed Crazy Yiuf
  5079 | D:5      | Killed Crazy Yiuf
  5346 | D:6      | Reached skill level 8 in Fighting
  5609 | D:6      | Reached *** piety under Okawaru
  5968 | D:7      | Found a basalt altar of Yredelemnul.
  5970 | D:7      | Noticed a profane servitor
  6084 | D:7      | Found a glowing golden altar of the Shining One.
  6222 | D:7      | Noticed an angel
  6340 | D:7      | Reached skill level 9 in Fighting
  6540 | D:8      | Noticed Joseph
  6551 | D:8      | Shot with a sling bullet by Joseph

Illustrated notes

Levels and vault maps discovered:
D:1:      elethiomel_arrival_infinity_welcomes_careful_drivers, layout_rooms,
          hellmonk_ecumenical_altar_arch_garden
D:2:      kennysheep_the_goblin_king, layout_rooms, serial_shops, shop
D:3:      layout_basic, portal_sewer_entry_e, roderic_st_hans_cross
D:4:      layout_loops_ring, minmay_temple_entry_overgrown,
          biasface_ghost_orc_armoury, minmay_hollow_rounded_squares
D:5:      layout_loops_ring, grunt_temple_overflow_opulence,
          nicolae_overflow_hallway_of_the_gods, serial_shops,
          nicolae_shop_waterfront, minmay_starry_boxes, uniq_crazy_yiuf_cottage
D:6:      kennysheep_six_static_rooms, layout_gridville, kennysheep_boxes
D:7:      layout_basic, grunt_temple_overflow_holy_war
D:8:      layout_basic, mainiacjoe_overflow_two_lobes,
          mainiacjoe_overflow_catwalk, nicolae_barding_shop, uniq_joseph
Temple:   corrupted_temple

Skill      XL: |  1  2  3  4  5  6  7  8  9 |
---------------+----------------------------+-----
Axes           | 2 |  2.5
Fighting       | 3 4 5 6 7 9 |  9.1
Short Blades   | 1 2 3 5 6 8 |  8.4
Armour         | |  2.4
Shields        | |  2.6

Action                     |  1- 3 |  4- 6 |  7- 9 || total
---------------------------+-------+-------+-------++-------
  Melee: War axe           |    31 |       |       ||    31
         Bite              |    10 |    46 |   192 ||   248
         Dagger            |    17 |   183 |   574 ||   774
    Use: Scroll            |       |     5 |     3 ||     8
 Armour: Scale mail        |    25 |    89 |       ||   114
         Leather armour    |       |    20 |   142 ||   162
  Dodge: Dodged            |    23 |   107 |   164 ||   294
  Block: Buckler           |     8 |    42 |   145 ||   195
         Reflection        |       |       |     1 ||     1

Table legend: (Time is in decaauts)
 A = Elapsed time spent in this place.
 B = Non-inter-level travel time spent in this place.
 C = Inter-level travel time spent in this place.
 D = Time resting spent in this place.
 E = Time spent auto-exploring this place.
 F = Levels seen in this place.
 G = Mean time per level.
                   A        B        C        D        E       F      G
               +--------+--------+--------+--------+--------+-----+--------+
         Total |   6422 |   6162 |    260 |    943 |   3215 |  10 |  642.2 |
       Dungeon |   6130 |   5882 |    248 |    827 |   3157 |   8 |  766.2 |
        Temple |     36 |     24 |     12 |      0 |      5 |   1 |   36.0 |
         Sewer |    255 |    255 |      0 |    116 |     53 |   1 |  255.0 |
               +--------+--------+--------+--------+--------+-----+--------+

Top non-repeatable levels by time:
     D:5: 1335 daAuts
     D:4: 1294 daAuts
     D:1: 845 daAuts
     D:3: 836 daAuts
     D:6: 759 daAuts
     D:7: 578 daAuts
     D:2: 472 daAuts
   Sewer: 255 daAuts
  Temple: 36 daAuts
     D:8: 9 daAuts
